 Dungeon Crawl Stone Soup version 0.27.1 (webtiles) character file.

Game seed: 4061078677460537888

26736 Renzlar the Blocker (level 13, -4/104 HPs)
             Began as a Gnoll Fighter on Aug 21, 2021.
             Was the Champion of Okawaru.
             Slain by a meliai (6 damage)
             ... on level 3 of the Lair of Beasts.
             The game lasted 01:16:58 (13618 turns).

Renzlar the Blocker (Gnoll Fighter)                Turns: 13618, Time: 01:16:59

Health: -4/104     AC: 16    Str: 20    XL:     13   Next: 27%
Magic:  23/25      EV: 15    Int: 10    God:    Okawaru [******]
Gold:   813        SH: 14    Dex: 12    Spells: 27/28 levels left

rFire    . . .     SeeInvis +   a - +4 broad axe (elec)
rCold    + . .     Faith    .   l - +0 kite shield
rNeg     . . .     Spirit   .   A - +3 scale mail {rPois}
rPois    +         Reflect  .   o - +0 helmet
rElec    .         Harm     .   G - scarf {repulsion}
rCorr    +         Rampage  .   (no gloves)
Will     +....                  k - +0 pair of boots
Stlth    +++++.....             q - amulet of regeneration
HPRegen  1.27/turn              y - ring "Neubb" {rPois rC+ Str+2 SInv Stlth+}
MPRegen  0.19/turn              j - ring "Xugusm" {Fly rCorr}

@: heroic, flying, repel missiles
A: fangs 1, strong nose, distributed training, claws 1, strong-willed 1
a: Renounce Religion, Heroism, Finesse


You were on level 3 of the Lair of Beasts.
You worshipped Okawaru.
Okawaru was exalted by your worship.
You visited 3 branches of the dungeon, and saw 13 of its levels.

You collected 813 gold pieces.

Inventory:

Hand Weapons
 a - a +4 broad axe of electrocution (weapon)
 b - the +8 falchion of the Illusory Beds {flame, Dex+3}
   (You found it on level 2 of the Lair of Beasts)

   It burns those it strikes, dealing additional fire damage.
   Big, fiery blades are also staple armaments of hydra-hunters.
   Dex:       It affects your dexterity (+3).
 c - a +0 hunting sling
 d - the +5 hunting sling of a Thousand Yaks {vorpal, +Blink rF- rC- Str+6}
   (You found it on level 7 of the Dungeon)

   Any ammunition fired from it inflicts extra damage upon your enemies.
   Str:       It affects your strength (+6).
   rF:        It makes you vulnerable to fire.
   rC:        It makes you vulnerable to cold.
   +Blink:    It lets you blink.
 u - a +4 trident
 w - the +8 mace "Veavap" {vorpal, Str+2 Int+4 Dex+4}
   (You found it on level 9 of the Dungeon)

   It inflicts extra damage upon your enemies.
   Str:       It affects your strength (+2).
   Int:       It affects your intelligence (+4).
   Dex:       It affects your dexterity (+4).
Missiles
 e - 41 poisoned darts
 g - 380 stones
 h - 18 javelins
 s - 83 sling bullets
 H - 23 bolts
Armour
 k - a +0 pair of boots (worn)
 l - a +0 kite shield (worn)
 o - a +0 helmet (worn)
 A - a +3 scale mail of poison resistance (worn)
 G - a scarf of repulsion (worn)
Jewellery
 j - the ring "Xugusm" (right claw) {Fly rCorr}
   (You found it on level 7 of the Dungeon)

   [ring of flight]

   Fly:       It grants you flight.
   rCorr:     It protects you from acid and corrosion.
 q - an amulet of regeneration (around neck)
 y - the ring "Neubb" (left claw) {rPois rC+ Str+2 SInv Stlth+}
   (You found it on level 7 of the Dungeon)

   [ring of see invisible]

   Str:       It affects your strength (+2).
   rC:        It protects you from cold.
   rPois:     It protects you from poison.
   SInv:      It lets you see invisible.
   Stlth:     It makes you more stealthy.
 J - a ring of positive energy
Wands
 f - a wand of paralysis (8)
 m - a wand of polymorph (4)
 v - a wand of digging (7)
Scrolls
 i - 5 scrolls of teleportation
 p - a scroll of magic mapping
 x - 2 scrolls of fear
 z - a scroll of amnesia
 F - 2 scrolls of identify
 I - a scroll of fog
Potions
 n - a potion of lignification
 t - 3 potions of magic
 C - 4 potions of might
 E - a potion of curing
Miscellaneous
 r - a piece from Xom's chessboard (15/15)
 B - a lightning rod (2/4) (quivered)
 K - a box of beasts (inert)


   Skills:
 + Level 10.4(15.4) Fighting
 + Level 8.1(13.1) Short Blades
 + Level 8.1(13.1) Long Blades
 + Level 9.4(14.4) Axes
 + Level 8.1(13.1) Maces & Flails
 + Level 8.1(13.1) Polearms
 + Level 8.1(13.1) Staves
 + Level 8.1(13.1) Slings
 + Level 8.1(13.1) Bows
 + Level 8.1(13.1) Crossbows
 + Level 8.1(13.1) Throwing
 + Level 10.4(15.4) Armour
 + Level 8.1(13.1) Dodging
 + Level 8.1(13.1) Stealth
 + Level 10.4(15.4) Shields
 + Level 8.1(13.1) Unarmed Combat
 + Level 8.1 Spellcasting
 + Level 6.7 Conjurations
 + Level 6.7 Hexes
 + Level 6.7 Summonings
 + Level 6.7 Necromancy
 + Level 6.7 Translocations
 + Level 6.7 Transmutations
 + Level 6.7 Fire Magic
 + Level 6.7 Ice Magic
 + Level 6.7 Air Magic
 + Level 6.7 Earth Magic
 + Level 6.7 Poison Magic
 + Level 8.9 Invocations
 + Level 8.1 Evocations


You had 27 spell levels left.
You knew the following spells:

 Your Spells              Type           Power      Damage    Failure   Level
a - Foxfire               Conj/Fire      68%        2x1d7     1%          1

Your spell library contained the following spells:

 Spells                   Type           Power      Damage    Failure   Level
 Sting                    Tmut/Pois      68%        1d6       1%          1
 Summon Small Mammal      Summ           68%        N/A       1%          1
 Blink                    Tloc           N/A        N/A       3%          2
 Poisonous Vapours        Pois/Air       34%        N/A       3%          2
 Call Canine Familiar     Summ           17%        N/A       6%          3
 Conjure Flame            Conj/Fire      17%        6-21      6%          3
 Ignite Poison            Fire/Tmut/Pois 17%        N/A       6%          3
 Inner Flame              Hex/Fire       17%        N/A       6%          3
 Lesser Beckoning         Tloc           8%         N/A       6%          3
 Summon Guardian Golem    Hex/Summ       17%        N/A       6%          3
 Leda's Liquefaction      Hex/Erth       8%         N/A       21%         4
 Olgreb's Toxic Radiance  Pois           17%        N/A       21%         4
 Sticky Flame             Conj/Fire      17%        2d4       21%         4
 Bolt of Magma            Conj/Fire/Erth 8%         4d6       50%         5
 Manifold Assault         Tloc           17%        N/A       50%         5
 Statue Form              Tmut/Erth      11%        N/A       97%         6
 Storm Form               Tmut/Air       8%         N/A       100%        7


Dungeon Overview and Level Annotations

Branches:
Dungeon (9/15)             Temple (1/1) D:4            Lair (3/6) D:8
  Snake (0/4) Lair:3          Orc (0/2) D:9
  Swamp: Lair:2-4    Shoals: Lair:2-4

Altars:
Dithmenos
Elyvilon
Fedhas
Hepliaklqana
Makhleb
Nemelex Xobeh
Okawaru
Qazlal
Ru
Sif Muna
Trog
Uskayaw
Vehumet
Beogh

Shops:
D:1 *   D:6 *

Annotations:
D:5 3 runed translucent doors, sakkuzi's ghost, amateur MiBe


Innate Abilities, Weirdness & Mutations

You have very sharp teeth.
Your uncanny sense of smell can sniff out nearby items.
Your experience applies equally to all skills.
You have sharp fingernails.
You are strong-willed. (Will+)


Message History

The meliai stings you but does no damage.
The killer bee completely misses you. The killer bee closely misses you.
You closely miss the meliai. You closely miss the killer bee.
You slash the killer bee!
You feel sick.
You are no longer poisoned.
The meliai calls down the wrath of its god upon you.
Something smites you!
* * * LOW HITPOINT WARNING * * *
You block the killer bee's attack. The killer bee closely misses you.
You block the meliai's attack. The meliai stings you.
* * * LOW HITPOINT WARNING * * *
The killer bee closely misses you. The killer bee stings you.
* * * LOW HITPOINT WARNING * * *
The killer bee stings you but does no damage.
The meliai hits you but does no damage.
The meliai stings you but does no damage.
Unknown command.
You gain the combat prowess of a mighty hero.
You block the killer bee's attack.
The killer bee stings you but does no damage.
The meliai calls upon its god to heal the killer bee.
The killer bee is healed somewhat.
The killer bee stings you but does no damage.
The killer bee barely misses you. The meliai closely misses you.
You block the meliai's attack.
Unknown command.
You slash the meliai!
The meliai is heavily wounded.
You slash the killer bee!
Lightning courses through the killer bee!
You kill the killer bee!
Okawaru accepts your kill.
You hit the killer bee. You block the killer bee's attack.
The meliai invokes the aid of its god against you.
Something smites you!
* * * LOW HITPOINT WARNING * * *
The killer bee stings you.
* * * LOW HITPOINT WARNING * * *
You block the meliai's attack. The meliai stings you.
You die...

#[/=# .... ..y #####..
##...#. ##.....##
#...?y†y#
#####....@#####
##...#.....#...##
##.....#####.....##
#...#.. #...#...#
#.....#####.....#####
#y...).........#....##
..#####†)...#####.)...##
#...#...# #..."...#
##.(...## ##....)#####


You could see a meliai and a killer bee.

Vanquished Creatures
  The ghost of Dumidips the Black Belt, a journeyman OpMo of Makhleb (Lair:2)
  3 hydras
  Erolcha (D:9)
  A two-headed ogre (D:7)
  4 death yaks (Lair:3)
  2 ugly things (D:7)
  A cyclops (D:7)
  2 manticores
  An ice statue (Lair:2)
  3 black mambas
  An elephant (Lair:3)
  A gargoyle (D:7)
  A rime drake (Lair:1)
  6 komodo dragons
  7 cane toads
  An efreet (D:9)
  4 meliai (Lair:3)
  A queen bee (Lair:3)
  2 trolls (D:7)
  Grinder (D:3)
  2 hornets
  A blink frog (Lair:2)
  16 yaks
  2 wyverns (Lair:3)
  2 wraiths
  A steam dragon (D:7)
  5 basilisks
  8 water moccasins
  An acid dragon (D:8)
  2 orc warriors
  2 sky beasts
  3 black bears
  2 ogres (D:5)
  6 wolves
  2 centaurs
  14 bullfrogs
  4 scorpions
  2 wyvern zombies (D:7)
  A gnoll sergeant (D:5)
  14 killer bees
  2 oklob saplings (D:9)
  A howler monkey (D:8)
  8 wights
  7 electric eels (D:7)
  A bullfrog zombie (D:5)
  3 centaur zombies
  3 hounds
  2 jellies
  A gnoll shaman (D:7)
  7 orc priests
  A bullfrog skeleton (D:5)
  3 centaur skeletons (D:7)
  7 orc wizards
  5 iguanas
  A hell rat (Lair:3)
  A killer bee zombie (D:7)
  Robin (D:2)
  3 howler monkey zombies
  3 gnolls (D:5)
  9 adders
  A white imp (D:5)
  2 ufetubi
  5 worms
  4 dart slugs (D:4)
  27 orcs
  11 bats
  3 endoplasms
  3 giant cockroaches
  13 goblins
  13 hobgoblins
  6 jackals (D:4)
  2 quokkas (D:3)
  12 ball pythons
  3 frilled lizards
  7 kobolds
  5 rats
320 creatures vanquished.

Vanquished Creatures (collateral kills)
  A meliai (Lair:3)
  5 killer bees (Lair:3)
6 creatures vanquished.

Vanquished Creatures (others)
  30 fungi
  50 plants
80 creatures vanquished.

Grand Total: 406 creatures vanquished

Notes
Turn   | Place    | Note
-------+----------+-------------------------------------------
     0 | D:1      | Renzlar the Gnoll Fighter began the quest for the Orb.
     0 | D:1      | Reached XP level 1. HP: 23/23 MP: 1/1
   281 | D:1      | Reached XP level 2. HP: 18/29 MP: 2/2
   423 | D:1      | Found Zasanwor's Assorted Antiques.
  1070 | D:2      | Reached XP level 3. HP: 30/35 MP: 3/3
  1379 | D:2      | Noticed Robin
  1393 | D:2      | Reached skill level 1 in Invocations
  1409 | D:2      | Killed Robin
  1410 | D:2      | Reached skill level 1 in Short Blades
  1410 | D:2      | Reached skill level 1 in Long Blades
  1410 | D:2      | Reached skill level 1 in Maces & Flails
  1410 | D:2      | Reached skill level 1 in Polearms
  1410 | D:2      | Reached skill level 1 in Staves
  1410 | D:2      | Reached skill level 1 in Slings
  1410 | D:2      | Reached skill level 1 in Bows
  1410 | D:2      | Reached skill level 1 in Crossbows
  1410 | D:2      | Reached skill level 1 in Throwing
  1410 | D:2      | Reached skill level 1 in Dodging
  1410 | D:2      | Reached skill level 1 in Stealth
  1410 | D:2      | Reached skill level 1 in Unarmed Combat
  1410 | D:2      | Reached skill level 1 in Spellcasting
  1410 | D:2      | Reached skill level 1 in Evocations
  1410 | D:2      | Reached XP level 4. HP: 18/41 MP: 5/5
  2099 | D:2      | Reached skill level 1 in Conjurations
  2099 | D:2      | Reached skill level 1 in Hexes
  2099 | D:2      | Reached skill level 1 in Summonings
  2099 | D:2      | Reached skill level 1 in Necromancy
  2099 | D:2      | Reached skill level 1 in Translocations
  2099 | D:2      | Reached skill level 1 in Transmutations
  2099 | D:2      | Reached skill level 1 in Fire Magic
  2099 | D:2      | Reached skill level 1 in Ice Magic
  2099 | D:2      | Reached skill level 1 in Air Magic
  2099 | D:2      | Reached skill level 1 in Earth Magic
  2099 | D:2      | Reached skill level 1 in Poison Magic
  2890 | D:3      | Reached XP level 5. HP: 47/47 MP: 6/6
  2893 | D:3      | Found a faded altar of an unknown god.
  3172 | D:3      | Noticed Grinder
  3181 | D:3      | Paralysed by Grinder for 7 turns
  3196 | D:3      | Paralysed by Grinder for 3 turns
  3200 | D:3      | Killed Grinder
  3201 | D:3      | Reached skill level 5 in Axes
  3201 | D:3      | Reached XP level 6. HP: 16/53 MP: 7/9
  4112 | D:4      | Found a staircase to the Ecumenical Temple.
  4121 | Temple   | Entered the Ecumenical Temple
  4171 | Temple   | Became a worshipper of Warmaster Okawaru
  4768 | D:5      | Entered Level 5 of the Dungeon
  4778 | D:5      | Reached XP level 7. HP: 59/59 MP: 10/10
  5630 | D:5      | Found a sparkling altar of Nemelex Xobeh.
  5844 | D:5      | Reached * piety under Okawaru
  5845 | D:5      | Reached XP level 8. HP: 67/67 MP: 12/12
  5958 | D:5      | Found a runed translucent gate.
  5958 | D:5      | Found a runed translucent gate.
  5958 | D:5      | Found a runed translucent gate.
  5959 | D:5      | Noticed sakkuzi's ghost (amateur MiBe)
  6160 | D:6      | Found Zoshused's General Store.
  6720 | D:6      | Found the +9 heavy crossbow "Sniper" {vorpal, Acc+∞ SInv}
  6910 | D:7      | Identified the ring "Neubb" {rPois rC+ Str+2 SInv Stlth+}
  7077 | D:7      | Reached ** piety under Okawaru
  7328 | D:7      | Reached XP level 9. HP: 70/72 MP: 14/14
  7559 | D:7      | Noticed a white ugly thing
  7559 | D:7      | Noticed a cyclops
  7563 | D:7      | Found a runed translucent door.
  7584 | D:7      | Killed a white ugly thing
  7584 | D:7      | Reached *** piety under Okawaru
  7594 | D:7      | Killed a cyclops
  7595 | D:7      | Reached skill level 5 in Invocations
  7613 | D:7      | Noticed a troll
  7613 | D:7      | Noticed a two-headed ogre
  7614 | D:7      | Noticed a troll
  7619 | D:7      | Noticed a komodo dragon
  7622 | D:7      | Killed a troll
  7622 | D:7      | Reached **** piety under Okawaru
  7623 | D:7      | Killed a two-headed ogre
  7623 | D:7      | Received a gift from Okawaru
  7623 | D:7      | Killed a troll
  7623 | D:7      | Reached ***** piety under Okawaru
  7623 | D:7      | Noticed a red ugly thing
  7624 | D:7      | Reached skill level 5 in Short Blades
  7624 | D:7      | Reached skill level 5 in Long Blades
  7624 | D:7      | Reached skill level 5 in Maces & Flails
  7624 | D:7      | Reached skill level 5 in Polearms
  7624 | D:7      | Reached skill level 5 in Staves
  7624 | D:7      | Reached skill level 5 in Slings
  7624 | D:7      | Reached skill level 5 in Bows
  7624 | D:7      | Reached skill level 5 in Crossbows
  7624 | D:7      | Reached skill level 5 in Throwing
  7624 | D:7      | Reached skill level 5 in Dodging
  7624 | D:7      | Reached skill level 5 in Stealth
  7624 | D:7      | Reached skill level 5 in Unarmed Combat
  7624 | D:7      | Reached skill level 5 in Spellcasting
  7624 | D:7      | Reached skill level 5 in Evocations
  7624 | D:7      | Reached XP level 10. HP: 82/82 MP: 15/17
  7631 | D:7      | Noticed a gargoyle
  7656 | D:7      | Killed a white ugly thing
  7656 | D:7      | Received a gift from Okawaru
  7674 | D:7      | Killed a gargoyle
  7724 | D:7      | Identified the +0 barding of Sif Muna's Delight {rC+ rN+
                  | Stlth+}
  7725 | D:7      | Identified the ring "Xugusm" {Fly rCorr}
  7729 | D:7      | Identified the +5 hunting sling of a Thousand Yaks {vorpal,
                  | +Blink rF- rC- Str+6}
  8512 | D:8      | Found a staircase to the Lair.
  8576 | D:8      | Reached XP level 11. HP: 87/87 MP: 19/19
  9200 | D:9      | Noticed Erolcha
  9252 | D:9      | Killed Erolcha
  9253 | D:9      | Reached skill level 5 in Conjurations
  9253 | D:9      | Reached skill level 5 in Hexes
  9253 | D:9      | Reached skill level 5 in Summonings
  9253 | D:9      | Reached skill level 5 in Necromancy
  9253 | D:9      | Reached skill level 5 in Translocations
  9253 | D:9      | Reached skill level 5 in Transmutations
  9253 | D:9      | Reached skill level 5 in Fire Magic
  9253 | D:9      | Reached skill level 5 in Ice Magic
  9253 | D:9      | Reached skill level 5 in Air Magic
  9253 | D:9      | Reached skill level 5 in Earth Magic
  9253 | D:9      | Reached skill level 5 in Poison Magic
  9256 | D:9      | Learned a level 1 spell: Foxfire
  9373 | D:9      | Found a staircase to the Orcish Mines.
  9592 | D:9      | Received a gift from Okawaru
  9655 | D:9      | Noticed a manticore
  9681 | D:9      | Killed a manticore
  9745 | D:9      | Gained mutation: You have sharp fingernails. [potion of
                  | mutation]
  9745 | D:9      | Gained mutation: You are strong-willed. (Will+) [potion of
                  | mutation]
  9836 | D:9      | Identified the +8 mace "Veavap" {vorpal, Str+2 Int+4 Dex+4}
  9975 | D:9      | Identified the +0 buckler of Melancholy {rF- rC+ SInv}
                  | (Okawaru gifted it to you on level 9 of the Dungeon)
  9975 | D:9      | Received a gift from Okawaru
 10245 | Lair:1   | Entered Level 1 of the Lair of Beasts
 11388 | Lair:2   | Reached XP level 12. HP: 95/96 MP: 22/22
 11456 | Lair:2   | Found a transporter.
 11456 | Lair:2   | Noticed an eight-headed hydra
 11468 | Lair:2   | Found a transporter.
 11545 | Lair:2   | Noticed Dumidips's ghost (journeyman OpMo)
 11624 | Lair:2   | Noticed a six-headed hydra
 11633 | Lair:2   | Killed a four-headed hydra
 11757 | Lair:2   | Identified the +8 falchion of the Illusory Beds {flame,
                  | Dex+3}
 11919 | Lair:2   | Killed a two-headed hydra
 11950 | Lair:2   | Killed Dumidips's ghost
 11969 | Lair:2   | Received a gift from Okawaru
 12187 | Lair:2   | Received a gift from Okawaru
 12842 | Lair:3   | Found a staircase to the Snake Pit.
 13025 | Lair:3   | Noticed a five-headed hydra
 13033 | Lair:3   | Reached skill level 10 in Fighting
 13033 | Lair:3   | Reached skill level 10 in Armour
 13033 | Lair:3   | Reached skill level 10 in Shields
 13038 | Lair:3   | Killed a one-headed hydra
 13118 | Lair:3   | Noticed a death yak
 13122 | Lair:3   | Noticed a death yak
 13123 | Lair:3   | Noticed a death yak
 13125 | Lair:3   | Noticed a death yak
 13177 | Lair:3   | Killed a death yak
 13178 | Lair:3   | Killed a death yak
 13183 | Lair:3   | Killed a death yak
 13183 | Lair:3   | Received a gift from Okawaru
 13188 | Lair:3   | Killed a death yak
 13189 | Lair:3   | Reached XP level 13. HP: 72/103 MP: 24/24
 13328 | Lair:3   | Reached ****** piety under Okawaru
 13400 | Lair:3   | Received a gift from Okawaru
 13455 | Lair:3   | Received a gift from Okawaru
 13618 | Lair:3   | HP: 2/104 [killer bee (5)]
 13618 | Lair:3   | Slain by a meliai

Illustrated notes

Levels and vault maps discovered:
D:1:      lemuel_arrival_tunnels, layout_basic, serial_shops,
          nicolae_diamond_shop
D:2:      layout_loops_corners, uniq_robin
D:3:      layout_basic, dreamdust_ecumenical_altar_grove, uniq_grinder
D:4:      layout_basic, minmay_temple_entry_water_ring
D:5:      layout_cave_pods, nemelex_diamond_rough_becter,
          ebering_ghost_rock_garden, chequers_jeans, grunt_ministairs_14
D:6:      layout_loops_ring, nicolae_take_the_stairs, st_stairs_4
D:7:      minmay_the_grid_triangle_9x9_rhombus_full
          [minmay_the_grid_triangle_9x9_empty,
          minmay_the_grid_triangle_9x9_odd_lines,
          minmay_the_grid_triangle_9x9_stretched_checkered,
          minmay_the_grid_triangle_9x9_checkered,
          minmay_the_grid_triangle_9x9_thin_v,
          minmay_the_grid_triangle_9x9_subtriangle,
          minmay_the_grid_triangle_9x9_zippers_horizontal,
          minmay_the_grid_triangle_9x9_prize_schism], layout_cave_pools,
          serial_bayou, serial_bayou_lagoon_b, serial_bayou_pond_e,
          serial_bayou_pond_c, serial_bayou_pond_b, serial_bayou_crossing,
          hangedman_decor_diamond_cutter
D:8:      layout_loops_ring, due_lair_maze_entry_diamond,
          chequers_serial_rivers_micro_e, kennysheep_generic_room_6
D:9:      layout_rooms, minmay_orc_entry_temple_small, nicolae_zen_rock_garden,
          introduction_to_nature_2, uniq_erolcha
Temple:   kilobyte_greek_temple
Lair:1:   layout_gridlike, lemuel_fruit_tree
Lair:2:   layout_cellular_growth, nzn_ghost_randoct, wad_woods_river_03,
          serial_bayou_shore_a
Lair:3:   regret_index_combs_of_tragedy, layout_hall_layers,
          minmay_shoals_entry_hut, dummy_snake_entry

Skill      XL: |  1  2  3  4  5  6  7  8  9 10 11 12 13 |
---------------+----------------------------------------+-----
Invocations    | 1 2 3 4 5 6 7 8 |  8.9
Short Blades   | 1 2 3 5 6 7 8 |  8.1
Long Blades    | 1 2 3 5 6 7 8 |  8.1
Maces & Flails | 1 2 3 5 6 7 8 |  8.1
Polearms       | 1 2 3 5 6 7 8 |  8.1
Staves         | 1 2 3 5 6 7 8 |  8.1
Slings         | 1 2 3 5 6 7 8 |  8.1
Bows           | 1 2 3 5 6 7 8 |  8.1
Crossbows      | 1 2 3 5 6 7 8 |  8.1
Throwing       | 1 2 3 5 6 7 8 |  8.1
Dodging        | 1 2 3 5 6 7 8 |  8.1
Stealth        | 1 2 3 5 6 7 8 |  8.1
Unarmed Combat | 1 2 3 5 6 7 8 |  8.1
Spellcasting   | 1 2 3 5 6 7 8 |  8.1
Evocations     | 1 2 3 5 6 7 8 |  8.1
Conjurations   | 1 2 3 4 5 6 |  6.7
Hexes          | 1 2 3 4 5 6 |  6.7
Summonings     | 1 2 3 4 5 6 |  6.7
Necromancy     | 1 2 3 4 5 6 |  6.7
Translocations | 1 2 3 4 5 6 |  6.7
Transmutations | 1 2 3 4 5 6 |  6.7
Fire Magic     | 1 2 3 4 5 6 |  6.7
Ice Magic      | 1 2 3 4 5 6 |  6.7
Air Magic      | 1 2 3 4 5 6 |  6.7
Earth Magic    | 1 2 3 4 5 6 |  6.7
Poison Magic   | 1 2 3 4 5 6 |  6.7
Axes           | 5 6 7 8 9 |  9.4
Fighting       | 7 8 9 10 | 10.4
Armour         | 7 8 9 10 | 10.4
Shields        | 7 8 9 10 | 10.4

Action                   |  1- 3 |  4- 6 |  7- 9 | 10-12 | 13-15 || total
-------------------------+-------+-------+-------+-------+-------++-------
Melee: War axe           |    77 |   137 |    43 |       |       ||   257
       Bite              |     7 |    15 |    24 |    45 |     5 ||    96
       Morningstar       |       |     4 |       |       |       ||     4
       Trident           |       |       |   174 |    25 |       ||   199
       Broad axe         |       |       |       |   288 |    95 ||   383
       Mace              |       |       |       |    24 |       ||    24
       Long sword        |       |       |       |     1 |       ||     1
       Falchion          |       |       |       |    40 |       ||    40
       Scimitar          |       |       |       |     3 |       ||     3
 Fire: Hunting sling     |     4 |   136 |   100 |   291 |    38 ||   569
Throw: Dart              |     1 |       |       |       |       ||     1
Invok: Heroism           |       |       |     1 |     4 |     2 ||     7
Evoke: Lightning rod     |       |       |     4 |     7 |       ||    11
       Wand              |       |       |       |     4 |       ||     4
       Piece from Xom's  |       |       |       |     3 |       ||     3
       Box of beasts     |       |       |       |       |     1 ||     1
  Use: Scroll            |       |     4 |     4 |     9 |       ||    17
       Potion            |       |     1 |     1 |    11 |     1 ||    14
 Stab: Sleeping          |       |       |     2 |     1 |       ||     3
       Distracted        |       |       |       |     1 |       ||     1
Armor: Scale mail        |    44 |    73 |    83 |   133 |    48 ||   381
       Skin              |       |       |       |    12 |       ||    12
Dodge: Dodged            |    16 |    59 |    69 |   168 |    85 ||   397
       Repelled          |       |       |       |       |     1 ||     1
Block: Kite shield       |    44 |    87 |   116 |   261 |   104 ||   612
       Rpst.: Falchion   |       |       |       |     3 |       ||     3
       Scimitar          |       |       |       |     1 |       ||     1
